 Dungeon Crawl Stone Soup version 0.20.0 (webtiles) character file.

530 Eucla the Grappler (level 7, -10/56 HPs)
             Began as a Hill Orc Transmuter on May 31, 2017.
             Mangled by an ogre
             ... wielding a +0 giant club
              (27 damage)
             ... on level 6 of the Dungeon.
             The game lasted 00:04:26 (3690 turns).

Eucla the Grappler (Hill Orc Transmuter)            Turns: 3690, Time: 00:04:27

Health: -10/56     AC: 10    Str: 14      XL:     7   Next: 24%
Magic:  7/9        EV: 10    Int: 13 (14) God:
Gold:   154        SH:  0    Dex:  9 (11) Spells: 3/9 levels left

rFire    . . .     SeeInvis .     - Unarmed
rCold    . . .     Gourm    +   (no shield)
rNeg     . . .     Faith    .   o - +4 ring mail
rPois    .         Spirit   .   (no helmet)
rElec    .         Reflect  .   (no cloak)
rCorr    .         Harm     .   (no gloves)
MR       +....                  l - +0 pair of boots
Stlth    ..........             x - amulet of the gourmand
Regen    0.2/turn               k - ring of protection from magic
MPRegen  0.2/turn               w - ring of loudness (curse)

@: no status effects
A: no striking features
a: no special abilities


You were on level 6 of the Dungeon.
You were not hungry.

You visited 1 branch of the dungeon, and saw 5 of its levels.

You collected 154 gold pieces.

Inventory:

Missiles
 a - 30 arrows
Armour
 b - a +0 robe
 l - a +0 pair of boots (worn)
 o - a +4 ring mail (worn)
Jewellery
 k - a ring of protection from magic (left hand)
 w - a cursed ring of loudness (right hand)
 x - an amulet of the gourmand (around neck)
Scrolls
 e - 2 scrolls of random uselessness {unknown}
 j - a scroll of immolation {unknown}
 m - 2 scrolls of fear {unknown}
 n - a scroll of noise {unknown}
 p - a scroll of recharging {unknown}
 q - a scroll of enchant armour {unknown}
 r - a scroll of identify {unknown}
 s - a scroll of teleportation {unknown}
 v - 2 scrolls of remove curse {unknown}
Potions
 f - a potion of magic
 h - a potion of brilliance {unknown}
 i - a potion of degeneration
 t - a potion of curing
 z - a potion of mutation {unknown}
 A - a potion of invisibility {unknown}
Books
 c - a book of Changes

   Spells                             Type                      Level
   a - Beastly Appendage              Transmutation                1
   b - Sticks to Snakes               Transmutation                2
   c - Spider Form                    Transmutation/Poison         3
   d - Ice Form                       Ice/Transmutation            4
   e - Blade Hands                    Transmutation                5
 y - a book of Misfortune

   Spells                             Type                      Level
   a - Confusing Touch                Hexes                        1
   b - Confuse                        Hexes                        3
   c - Gell's Gravitas                Translocation                3
   d - Petrify                        Transmutation/Earth          4
   e - Metabolic Englaciation         Hexes/Ice                    5
   f - Yara's Violent Unravelling     Hexes/Transmutation          5
Comestibles
 d - 4 bread rations
 g - 2 meat rations
 u - a royal jelly


   Skills:
 - Level 2.7 Fighting
 - Level 1.5 Dodging
 + Level 8.5 Unarmed Combat
 - Level 1.5 Spellcasting
 - Level 1.3 Transmutations


You had 3 spell levels left.
You knew the following spells:

 Your Spells              Type           Power        Failure   Level  Hunger
a - Beastly Appendage     Tmut           #.....       30%         1    ##.....
b - Sticks to Snakes      Tmut           #.......     43%         2    ###....
c - Spider Form           Tmut/Pois      #.........   77%         3    ####...


Dungeon Overview and Level Annotations

Branches:
Dungeon (4/15)
 Temple: D:4-7

Altars:
Okawaru
Trog
The Shining One

Annotations:
D:4 Eucla's ghost, amateur MiEn


Message History

An ogre comes into view. It is wielding a giant club.
The ogre shouts!
Unknown command.
You completely miss the ogre. The ogre hits you with a giant club!
You hit the ogre.
The ogre is lightly wounded.
The ogre hits you with a giant club!
Unknown command.
You are too injured to fight recklessly!
Casting: Sticks to Snakes
Confirm with . or Enter, or press ? or * to list all spells.
You create a snake!
You now have 30 arrows.
The ogre hits you with a giant club!
* * * LOW HITPOINT WARNING * * *
Your adder bites the ogre.
The ogre is poisoned.
Your adder poisons the ogre!
Your adder bites the ogre.
The ogre looks even sicker.
Your adder poisons the ogre!
Your adder bites the ogre but does no damage.
The ogre hits you with a giant club!!
You die...

........##.#.#######..#
........##.# #....##..#
.#########.# #....##..#
.# #####.# #....##..#
.#####.....#.#....##..#
.#.........#.......#..#
.#.###.....#######.#..#
.#.###.....#...#.OS#..#
.#.#...#.#.#.#.#@###..#
.#.#.#.#.#.#.#........#
.#.#.#.#.#.#.###.####.#
.#.....#...#........#
.###.#########.####.#
.# #.#..............#
.# #.#.#######........
.# #.#.##############.
.# #.#............


You could see an ogre and a friendly adder.

Vanquished Creatures
  A phantom (D:4)
  A centaur (D:6)
  A bullfrog (D:6)
  A wyvern skeleton (D:6)
  A howler monkey (D:3)
  A crimson imp (D:6)
  A hound (D:6)
  A worker ant (D:6)
  4 adders
  3 oozes
  2 worms (D:2)
  A dart slug (D:3)
  2 leopard geckos
  7 bats
  4 giant cockroaches
  15 goblins
  8 hobgoblins
  5 jackals (D:1)
  3 kobolds (D:1)
  3 quokkas (D:2)
  A frilled lizard (D:2)
  A jackal skeleton (D:6)
  10 rats
77 creatures vanquished.

Notes
Turn   | Place    | Note
-------+----------+-------------------------------------------
     0 | D:1      | Eucla the Hill Orc Transmuter began the quest for the Orb.
     0 | D:1      | Reached XP level 1. HP: 16/16 MP: 3/3
   250 | D:1      | Reached XP level 2. HP: 23/23 MP: 4/4
   280 | D:1      | Reached skill level 4 in Unarmed Combat
   490 | D:1      | Reached XP level 3. HP: 25/29 MP: 5/5
   494 | D:1      | Learned a level 2 spell: Sticks to Snakes
  1492 | D:2      | Reached XP level 4. HP: 32/36 MP: 6/6
  1519 | D:2      | Reached skill level 5 in Unarmed Combat
  1717 | D:2      | Learned a level 3 spell: Spider Form
  2514 | D:3      | Reached XP level 5. HP: 39/42 MP: 7/7
  2555 | D:3      | Reached skill level 6 in Unarmed Combat
  2753 | D:4      | Noticed a phantom
  2786 | D:4      | Killed a phantom
  2786 | D:4      | Reached XP level 6. HP: 30/50 MP: 8/8
  2821 | D:4      | Noticed Eucla's ghost (amateur MiEn)
  2823 | D:4      | Found an iron altar of Okawaru.
  3140 | D:4      | You fall through a shaft for 2 floors!
  3203 | D:6      | Reached skill level 7 in Unarmed Combat
  3285 | D:6      | Reached skill level 8 in Unarmed Combat
  3285 | D:6      | Reached XP level 7. HP: 34/56 MP: 9/9
  3305 | D:6      | Found a glowing golden altar of the Shining One.
  3449 | D:6      | Found a bloodstained altar of Trog.
  3690 | D:6      | Mangled by an ogre

Skill      XL: |  1  2  3  4  5  6 |
---------------+-------------------+-----
Unarmed Combat | 4 5 6 8 |  8.5
Fighting       | 2 |  2.7
Dodging        | |  1.5
Spellcasting   | |  1.5
Transmutations | |  1.3

Action                   |  1- 3 |  4- 6 |  7- 9 || total
-------------------------+-------+-------+-------++-------
Melee: Unarmed           |   174 |   173 |    29 ||   376
       Punch             |     2 |     6 |       ||     8
 Cast: Beastly Appendage |     1 |     1 |       ||     2
       Sticks to Snakes  |       |     1 |     1 ||     2
  Use: Potion            |       |     5 |       ||     5
  Eat: Chunk             |     1 |     1 |       ||     2
       Royal jelly       |     1 |       |       ||     1
       Meat ration       |       |     1 |       ||     1
Armor: Robe              |    26 |       |       ||    26
       Ring mail         |       |    78 |     8 ||    86
Dodge: Dodged            |   113 |    81 |    14 ||   208
